 Dungeon Crawl Stone Soup version 0.24-a0-355-gbe4061de67 (webtiles) character file.

Game seed: 1732572072547803637

100950 kaladindcss the Bludgeoner (level 16, -8/105 HPs)
             Began as a Gargoyle Monk on May 24, 2019.
             Was the Champion of Okawaru.
             Mangled by a seven-headed hydra (13 damage)
             ... on level 4 of the Swamp on May 25, 2019.
             The game lasted 01:24:42 (29046 turns).

kaladindcss the Bludgeoner (Gargoyle Monk)         Turns: 29046, Time: 01:24:43

Health: -8/105     AC: 46    Str: 35    XL:     16   Next: 29%
Magic:  18/22      EV: 12    Int: 14    God:    Okawaru [******]
Gold:   1918       SH: 17    Dex: 10    Spells: 15/15 levels left

rFire    . . .     SeeInvis .   r - +11 flail of Nemelex Xobeh's Favour {venom, +Fly MR+ Int+2}
rCold    . . .     Gourm    .   z - +0 shield of Amelioration {Str+10 Dex-5}
rNeg     + . .     Faith    .   s - +1 plate armour
rPois    ∞         Spirit   .   i - +2 hat {MR+}
rElec    +         Reflect  .   I - scarf {cloud immunity}
rCorr    .         Harm     .   N - +2 pair of gloves {Dex+3}
MR       +++..                  P - +2 pair of boots of the Assassin {Detection Stab+ Stlth++}
Stlth    +.........             (no amulet)
HPRegen  0.27/turn              p - +4 ring of strength
MPRegen  0.18/turn              b - +5 ring of protection

@: heroism, finesse, very slow
A: big wings, negative energy resistance 1, electricity resistance, unbreathing,
petrification resistance, rot immunity, AC +12
a: Fly, Heroism, Finesse, Renounce Religion, Evoke Flight


You were on level 4 of the Swamp.
You worshipped Okawaru.
Okawaru was exalted by your worship.
You were not hungry.

You visited 5 branches of the dungeon, and saw 25 of its levels.
You also visited: Sewer, Ossuary and Gauntlet.

You collected 2099 gold pieces.
You spent 181 gold pieces at shops.

Inventory:

Hand Weapons
 r - the +11 flail of Nemelex Xobeh's Favour (weapon) {venom, +Fly MR+ Int+2}
   (You took it off a minotaur in a Gauntlet)

   It poisons the flesh of those it strikes.
   It affects your intelligence (+2).
   It affects your resistance to hostile enchantments.
   It lets you fly.
 K - a +4 demon whip of electrocution
 L - a +6 morningstar of protection
Armour
 i - a +2 hat of magic resistance (worn)
 s - a +1 plate armour (worn)
 z - the +0 shield of Amelioration (worn) {Str+10 Dex-5}
   (You found it on level 12 of the Dungeon)

   It affects your strength (+10).
   It affects your dexterity (-5).
 I - a scarf of cloud immunity (worn)
 N - a +2 pair of gloves of dexterity (worn)
 P - the +2 pair of boots of the Assassin (worn) {Detection Stab+ Stlth++}
   (Okawaru gifted it to you on level 3 of the Lair of Beasts)

   It makes you much more stealthy.
Jewellery
 b - a +5 ring of protection (right hand)
 p - a +4 ring of strength (left hand)
 D - an uncursed ring of protection from cold
 U - an uncursed ring of stealth {unknown}
Wands
 h - a wand of scattershot (11)
 v - a wand of polymorph (8)
 B - a wand of acid (35)
 E - a wand of digging (24)
 G - a wand of flame (22)
 H - a wand of disintegration (13)
 R - a wand of enslavement (9)
 S - a wand of clouds (14)
Scrolls
 a - 3 scrolls of fear
 d - 13 scrolls of teleportation
 e - 14 scrolls of remove curse
 f - a scroll of enchant armour
 m - 4 scrolls of amnesia
 y - 3 scrolls of holy word
 A - a scroll of fog
 M - 2 scrolls of enchant weapon
 O - a scroll of brand weapon
 Q - a scroll of identify
Potions
 g - a potion of mutation {unknown}
 j - a potion of agility
 k - 2 potions of haste
 l - 4 potions of resistance
 n - 5 potions of magic
 o - 10 potions of might
 q - 8 potions of curing
 u - 3 potions of cancellation
 w - 3 potions of lignification {unknown}
 x - 2 potions of berserk rage {unknown}
 C - 2 potions of ambrosia {unknown}
 F - a potion of heal wounds
 J - 2 potions of brilliance {unknown}
 T - a potion of invisibility {unknown}
Miscellaneous
 t - a fan of gales
Comestibles
 c - 16 rations


   Skills:
 + Level 13.7(18.7) Fighting
 - Level 16.0(21.0) Maces & Flails
 + Level 13.3(18.3) Armour
 - Level 3.6(8.6) Dodging
 - Level 2.4(7.4) Stealth
 + Level 14.6(19.6) Shields
 - Level 8.0 Invocations


You had 15 spell levels left.
You didn't know any spells.
Your spell library contained the following spells:

 Spells                   Type           Power        Failure   Level  Hunger
 Confusing Touch          Hex            #.....       71%         1    ##.....
 Corona                   Hex            #......      71%         1    ##.....
 Infusion                 Chrm           #...         71%         1    ##.....
 Magic Dart               Conj           #...         71%         1    ##.....
 Shock                    Conj/Air       #...         71%         1    ##.....
 Blink                    Tloc           N/A          85%         2    ###....
 Call Imp                 Summ           #.......     85%         2    ###....
 Shroud of Golubria       Chrm/Tloc      #.........   85%         2    ###....
 Slow                     Hex            #.......     85%         2    ###....
 Song of Slaying          Chrm           #.......     85%         2    ###....
 Swiftness                Chrm/Air       #.......     85%         2    ###....
 Confuse                  Hex            #.......     97%         3    ####...
 Conjure Flame            Conj/Fire      #.......     97%         3    ####...
 Gell's Gravitas          Tloc           #.........   97%         3    ####...
 Ignite Poison            Fire/Tmut/Pois #.......     97%         3    ####...
 Inner Flame              Hex/Fire       #.......     97%         3    ####...
 Mephitic Cloud           Conj/Pois/Air  #.......     97%         3    ####...
 Portal Projectile        Hex/Tloc       #.....       97%         3    ####...
 Regeneration             Chrm/Necr      #.........   97%         3    ####...
 Spectral Weapon          Hex/Chrm       #.......     97%         3    ####...
 Static Discharge         Conj/Air       #.......     97%         3    ####...
 Airstrike                Air            #.........   100%        4    #####..
 Cause Fear               Hex            #.........   100%        4    #####..
 Leda's Liquefaction      Hex/Erth       #.........   100%        4    #####..
 Petrify                  Tmut/Erth      #.......     100%        4    #####..
 Summon Lightning Spire   Summ/Air       #.......     100%        4    #####..
 Fireball                 Conj/Fire      #.........   100%        5    ######.
 Lightning Bolt           Conj/Air       #.........   100%        5    ######.
 Metabolic Englaciation   Hex/Ice        #.........   100%        5    ######.
 Yara's Violent Unravell  Hex/Tmut       #.........   100%        5    ######.
 Bolt of Fire             Conj/Fire      #.........   100%        6    #######
 Deflect Missiles         Chrm/Air       #.........   100%        6    #######
 Ring of Flames           Chrm/Fire      #.........   100%        7    #######
 Discord                  Hex            #.........   100%        8    #######
 Ignition                 Fire           #.........   100%        8    #######


Dungeon Overview and Level Annotations

Branches:
Dungeon (15/15)            Temple (1/1) D:4            Lair (3/6) D:10
  Swamp (4/4) Lair:2          Orc (2/2) D:12            Elf (0/3) Orc:2
 Vaults (0/5) D:14         Depths (0/5) D:15
  Snake: Lair:2-4    Spider: Lair:2-4

Altars:
Ashenzari
Cheibriados
Dithmenos
Elyvilon
Fedhas
Gozag
Hepliaklqana
Kikubaaqudgha
Makhleb
Nemelex Xobeh
Okawaru
Qazlal
Ru
Sif Muna
Trog
Uskayaw
Vehumet
Wu Jian
Xom
Yredelemnul
Zin
The Shining One
Beogh
Lugonu

Shops:
D:6 *   D:7 (   D:9 }   D:12 (   D:14 %   Orc:2 [(!(


Innate Abilities, Weirdness & Mutations

You are resistant to torment.
Your stone body is resilient. (AC +12)
You are immune to poison.
Your large and strong wings let you fly indefinitely.
You resist negative energy. (rN+)
You are resistant to electric shocks. (rElec)
You can survive without breathing.
You are immune to petrification.
You are immune to rotting.


Message History

The seven-headed hydra bites you.
You block the seven-headed hydra's attack.
The seven-headed hydra bites you but does no damage. x2
The seven-headed hydra bites you!
* * * LOW HITPOINT WARNING * * *
The bog body barely misses you.
The bog body touches you but does no damage.
The bog body casts a spell at you. The bolt of cold hits you!!
* * * LOW HITPOINT WARNING * * *
A swamp dragon comes into view.
The five-headed hydra closely misses you.
The five-headed hydra misses you.
The five-headed hydra closely misses you.
You block the five-headed hydra's attack.
The five-headed hydra barely misses you.
You block the seven-headed hydra's attack.
The seven-headed hydra barely misses you. x2
The seven-headed hydra bites you!
You die...

♣..≈≈≈≈..≈.♣
♣♣.≈≈≈...♣♣
♣≈..≈...♣
♣♣♣♣♣).♣♣≈♣
♣.≈≈.♣♣♣♣≈♣
♣♣§≈≈♣♣ ♣♣♣
# ♣♣†..♣♣
#≈≈≈♣♣nv♣♣♣
#≈^≈≈vD@n♣
...≈≈≈D≈○♣
.≈..D≈..♣♣
.≈♣♣$..<≈ D
♣♣<≈♣. ♣♣♣
.≈ .≈ ♣♣♣


You could see a seven-headed hydra, a five-headed hydra, 2 swamp dragons, 2 bog
bodies and 2 insubstantial wisps.

Vanquished Creatures
  Nikola (Swamp:1)
  A tentacled monstrosity (Swamp:3)
  Rupert (D:15)
  Kirke (Swamp:1)
  Gastronok (Lair:3)
  A thorn hunter (Swamp:3)
  A fire giant (D:15)
  An orc warlord (Orc:2)
  Nessos (D:14)
  A stone giant (Orc:2)
  A minotaur (Gauntlet)
  15 hydras
  Fannar (D:11)
  A hell beast (Gauntlet)
  A catoblepas (D:14)
  A ghost crab (Swamp:3)
  2 dancing weapons (D:14)
  5 alligators
  3 centaur warriors
  A death scarab (Gauntlet)
  A soul eater (Gauntlet)
  3 spriggans
  Sonja (Lair:3)
  A spectral death yak (Gauntlet)
  2 spriggan druids
  3 skeletal warriors (D:13)
  An unseen horror (D:11)
  Pikel (D:6)
  5 swamp dragons
  A wizard (D:13)
  2 orc knights (Orc:2)
  11 ugly things
  5 deep elf magi
  2 cyclopes
  A manticore (D:14)
  12 slime creatures
  3 elephants (Lair:3)
  Maurice (D:11)
  3 centaur skeletons
  8 gargoyles
  7 spiny frogs
  8 yaktaurs
  4 komodo dragons
  2 kobold demonologists (D:15)
  2 red devils (D:14)
  A troll (shapeshifter) (D:15)
  A jumping spider (shapeshifter) (D:15)
  6 trolls
  4 hornets
  11 tyrant leeches
  9 bog bodies
  8 blink frogs
  5 hippogriffs
  4 shadows
  2 dream sheep (D:8)
  Sigmund (D:5)
  A centaur simulacrum (D:15)
  A meliai zombie (D:15)
  A water elemental (D:11)
  2 wraiths
  11 yaks
  A wyvern (D:14)
  2 hogs (Swamp:1)
  A steam dragon (D:12)
  11 vampire mosquitoes
  2 wargs (Orc:2)
  2 hungry ghosts
  Menkaure (D:5)
  Edmund (D:5)
  7 insubstantial wisps
  16 swamp worms
  A soldier ant (D:13)
  A water moccasin (Lair:2)
  Duvessa (D:5)
  2 acid dragons (D:15)
  A hell hound (Gauntlet)
  4 porcupines
  7 ice beasts
  46 orc warriors
  2 swamp drakes (Swamp:3)
  A sky beast (D:13)
  2 slaves (D:6)
  A black bear (shapeshifter) (D:14)
  2 eyes of draining
  6 black bears
  14 ogres
  3 phantoms
  3 boggarts (D:14)
  14 centaurs
  7 big kobolds
  4 crocodiles
  12 bullfrogs
  A gnoll sergeant (D:10)
  Dowan (D:5)
  A water moccasin zombie (D:10)
  5 scorpions
  A killer bee (D:11)
  5 wights
  2 howler monkeys
  7 crimson imps
  4 centaur zombies
  6 hounds
  6 jellies
  14 orc priests
  Jessica (D:10)
  A bullfrog skeleton (D:9)
  4 iguanas
  20 orc wizards
  17 worker ants
  A big kobold zombie (Ossuary)
  A hound zombie (D:9)
  8 mummies (Ossuary)
  A hound skeleton (D:7)
  A worker ant zombie (D:7)
  9 gnolls
  17 adders
  12 shadow imps
  2 oozes
  An adder zombie (D:5)
  3 worms
  4 dart slugs
  3 leopard geckos
  68 orcs
  5 giant cockroaches
  A gnoll zombie (Ossuary)
  17 hobgoblins
  17 jackals
  6 quokkas
  7 ball pythons
  A ball python skeleton (D:4)
  8 bats
  4 frilled lizards
  9 goblins
  A hobgoblin zombie (Ossuary)
  A jackal skeleton (D:6)
  22 kobolds
  2 kobold zombies (Ossuary)
  3 orc zombies (Ossuary)
  2 quokka zombies (D:5)
  9 rats
719 creatures vanquished.

Vanquished Creatures (collateral kills)
  An orc knight (D:12)
  A wyvern (D:12)
  2 orc warriors (D:12)
  An orc (D:12)
5 creatures vanquished.

Vanquished Creatures (others)
  An alligator (Swamp:4)
  A tyrant leech (Swamp:3)
  A bog body (Swamp:4)
  A human (Swamp:1)
  A slave (D:6)
  A centaur (D:6)
  5 fungi
  A plant (Swamp:4)
12 creatures vanquished.

Grand Total: 736 creatures vanquished

Notes
Turn   | Place    | Note
-------+----------+-------------------------------------------
     0 | D:1      | kaladindcss the Gargoyle Monk began the quest for the Orb.
     0 | D:1      | Reached XP level 1. HP: 14/14 MP: 1/1
   187 | D:1      | Reached XP level 2. HP: 17/19 MP: 2/2
   588 | D:1      | Found a glowing golden altar of the Shining One.
   882 | D:1      | Reached XP level 3. HP: 17/24 MP: 3/3
  1065 | D:1      | Reached skill level 1 in Armour
  1696 | D:2      | Found a basalt altar of Yredelemnul.
  1775 | D:2      | Reached XP level 4. HP: 29/29 MP: 4/4
  2042 | D:3      | Reached skill level 4 in Maces & Flails
  2473 | D:3      | Reached XP level 5. HP: 26/33 MP: 5/5
  3146 | D:3      | Reached skill level 5 in Maces & Flails
  3146 | D:3      | Reached XP level 6. HP: 37/38 MP: 6/6
  3383 | D:4      | Found a glowing drain.
  3468 | Sewer    | Entered a sewer
  4139 | D:4      | Found a staircase to the Ecumenical Temple.
  4148 | Temple   | Entered the Ecumenical Temple
  4235 | Temple   | Became a worshipper of Warmaster Okawaru
  4235 | Temple   | Reached * piety under Okawaru
  4235 | Temple   | Reached ** piety under Okawaru
  4568 | D:4      | Reached XP level 7. HP: 7/44 MP: 4/7
  5264 | D:5      | Entered Level 5 of the Dungeon
  5401 | D:5      | Reached skill level 6 in Maces & Flails
  5488 | D:5      | Noticed Edmund
  5568 | D:5      | Killed Edmund
  5568 | D:5      | Reached skill level 5 in Fighting
  5608 | D:5      | Noticed Duvessa
  5633 | D:5      | Noticed Dowan
  5636 | D:5      | Killed Duvessa
  5646 | D:5      | Reached XP level 8. HP: 48/49 MP: 8/8
  5660 | D:5      | Killed Dowan
  5793 | D:5      | Noticed Menkaure
  5806 | D:5      | Killed Menkaure
  5806 | D:5      | Reached *** piety under Okawaru
  5806 | D:5      | Reached skill level 7 in Maces & Flails
  5806 | D:5      | Reached skill level 5 in Armour
  5985 | D:5      | Noticed Sigmund
  6043 | D:5      | Killed Sigmund
  6490 | D:6      | Reached skill level 8 in Maces & Flails
  6506 | D:6      | Found Ytuihes's General Store.
  6507 | D:6      | Found a sand-covered staircase.
  6513 | D:6      | Bought a +1 shield of protection for 181 gold pieces
  6581 | Ossuary  | Entered an ossuary
  6651 | Ossuary  | Reached skill level 1 in Shields
  6822 | Ossuary  | Reached skill level 1 in Invocations
  7135 | D:6      | Reached XP level 9. HP: 56/56 MP: 9/9
  7451 | D:6      | Noticed Pikel
  7488 | D:6      | Killed Pikel
  7488 | D:6      | Reached **** piety under Okawaru
  7901 | D:6      | Reached skill level 9 in Maces & Flails
  8548 | D:7      | Found Moragh's Weapon Boutique.
  8597 | D:7      | Identified the Incunabulum of Fetching Lightness
  9158 | D:8      | Reached XP level 10. HP: 58/63 MP: 12/12
  9202 | D:8      | Reached skill level 5 in Shields
  9943 | D:8      | Reached ***** piety under Okawaru
 10067 | D:8      | Noticed a three-headed hydra
 10084 | D:8      | Killed a three-headed hydra
 10084 | D:8      | Reached skill level 10 in Maces & Flails
 10988 | D:9      | Reached skill level 5 in Invocations
 10988 | D:9      | Reached XP level 11. HP: 40/69 MP: 14/14
 11135 | D:9      | Found Noorymp's Gadget Shoppe.
 11615 | D:9      | Received a gift from Okawaru
 12309 | D:10     | Entered Level 10 of the Dungeon
 12478 | D:10     | Reached skill level 11 in Maces & Flails
 12481 | D:10     | Reached ****** piety under Okawaru
 12845 | D:10     | Received a gift from Okawaru
 12846 | D:10     | Found the +10 dark maul {crush}
 12904 | D:10     | Noticed Jessica
 12956 | D:10     | Killed Jessica
 12967 | D:10     | Found a deep blue altar of Sif Muna.
 13075 | D:10     | Found a staircase to the Lair.
 13430 | D:11     | Killed an unseen horror
 13549 | D:11     | Found a hazy altar of Hepliaklqana.
 13636 | D:11     | Got a fine leather armour
 13647 | D:11     | Identified the +1 leather armour "Ymudesesh" {rF+ Slay+4}
                  | (You found it on level 11 of the Dungeon)
 13703 | D:11     | Noticed Fannar
 14945 | D:11     | Killed Fannar
 15002 | D:11     | Reached XP level 12. HP: 65/76 MP: 16/16
 15076 | D:11     | Noticed Maurice
 15089 | D:11     | Killed Maurice
 15512 | D:12     | Identified 2 scrolls of acquirement
 15560 | D:12     | Found a staircase to the Orcish Mines.
 15565 | D:12     | Found Dekhen's Weapon Shop.
 15708 | D:12     | Found a gate leading to a gauntlet.
 15811 | Gauntlet | Entered a Gauntlet
 15811 | Gauntlet | Found a transporter.
 15811 | Gauntlet | Found a transporter.
 15811 | Gauntlet | Noticed a soul eater
 15817 | Gauntlet | Found a transporter.
 15818 | Gauntlet | Found a transporter.
 15849 | Gauntlet | Found a transporter.
 15854 | Gauntlet | Noticed a death scarab
 15861 | Gauntlet | Found a transporter.
 15861 | Gauntlet | Found a transporter.
 15869 | Gauntlet | Noticed a hell beast
 15872 | Gauntlet | Found a transporter.
 15886 | Gauntlet | Found a transporter.
 15888 | Gauntlet | Noticed a death ooze
 15901 | Gauntlet | Found a transporter.
 15905 | Gauntlet | Found a transporter.
 15906 | Gauntlet | Noticed a tengu warrior
 15913 | Gauntlet | Found a transporter.
 15976 | Gauntlet | Killed a soul eater
 15976 | Gauntlet | Received a gift from Okawaru
 16152 | Gauntlet | Found a runed translucent door.
 16196 | Gauntlet | Killed a death scarab
 16378 | Gauntlet | Killed a hell beast
 16400 | Gauntlet | Got a warped lead amulet
 16416 | Gauntlet | Identified the +11 flail of Nemelex Xobeh's Favour {venom,
                  | +Fly MR+ Int+2}
 16416 | Gauntlet | Noticed a minotaur
 16455 | Gauntlet | Killed a minotaur
 16455 | Gauntlet | Reached skill level 12 in Maces & Flails
 16455 | Gauntlet | Reached skill level 10 in Shields
 17227 | Lair:1   | Entered Level 1 of the Lair of Beasts
 17322 | Lair:1   | Reached skill level 10 in Fighting
 17434 | Lair:1   | Noticed an eight-headed hydra
 17444 | Lair:1   | Killed an eight-headed hydra
 17556 | Lair:1   | Identified the amulet "Mauntafur" {Inacc Int+6} (You found
                  | it in a Gauntlet)
 18725 | Lair:2   | Found a staircase to the Swamp.
 18743 | Lair:2   | Reached XP level 13. HP: 82/82 MP: 18/18
 18942 | Lair:3   | Noticed Gastronok
 18960 | Lair:3   | Killed Gastronok
 19179 | Lair:3   | Received a gift from Okawaru
 19180 | Lair:3   | Found the +2 pair of boots of the Assassin {Detection Stab+
                  | Stlth++}
 19303 | Lair:3   | Noticed Sonja
 19412 | Lair:3   | Killed Sonja
 19844 | Orc:1    | Entered Level 1 of the Orcish Mines
 20049 | Orc:2    | Entered Level 2 of the Orcish Mines
 20071 | Orc:2    | Found a staircase to the Elven Halls.
 20085 | Orc:2    | Noticed a stone giant
 20181 | Orc:2    | Killed a stone giant
 20192 | Orc:2    | Reached skill level 10 in Armour
 20205 | Orc:2    | Reached skill level 13 in Maces & Flails
 20753 | Orc:2    | Received a gift from Okawaru
 20775 | Orc:2    | Found Muijur's Distillery.
 20775 | Orc:2    | Found Nelotymm's Antique Weapon Emporium.
 20896 | Orc:2    | Found Unlap's Antique Armour Shoppe.
 20898 | Orc:2    | Found Huatiosm's Weapon Boutique.
 21056 | Orc:2    | Noticed an orc warlord
 21084 | Orc:2    | Killed an orc warlord
 21644 | D:12     | Got a steaming shield
 21655 | D:12     | Identified the cursed +0 shield of Amelioration {Str+10
                  | Dex-5} (You found it on level 12 of the Dungeon)
 21981 | D:13     | Gained mutation: Your large and strong wings let you fly
                  | indefinitely. [Gargoyle growth]
 21981 | D:13     | Reached XP level 14. HP: 82/90 MP: 20/20
 22112 | D:13     | You fall into a shaft and drop 2 floors!
 22112 | D:15     | Entered Level 15 of the Dungeon
 22304 | D:15     | Reached skill level 14 in Maces & Flails
 22315 | D:15     | Found a staircase to the Depths.
 22315 | D:15     | Noticed a fire giant
 22330 | D:15     | Killed a fire giant
 22330 | D:15     | Received a gift from Okawaru
 22676 | D:15     | Noticed Rupert
 22693 | D:15     | Killed Rupert
 23588 | D:14     | Received a gift from Okawaru
 23727 | D:14     | Found a corrupted altar of Lugonu.
 23797 | D:14     | Found Ric Iju's Food Shop.
 23857 | D:14     | Found a roughly hewn altar of Beogh.
 24083 | D:14     | Found a gate to the Vaults.
 24091 | D:14     | Received a gift from Okawaru
 24189 | D:14     | Noticed Nessos
 24210 | D:14     | Killed Nessos
 24636 | D:13     | Reached XP level 15. HP: 90/96 MP: 21/21
 24672 | D:13     | Reached skill level 15 in Maces & Flails
 24949 | D:13     | Received a gift from Okawaru
 25249 | Swamp:1  | Entered Level 1 of the Swamp
 25375 | Swamp:1  | Noticed Kirke
 25397 | Swamp:1  | Killed Kirke
 25551 | Swamp:1  | Noticed Nikola
 25576 | Swamp:1  | Killed Nikola
 26766 | Swamp:2  | Received a gift from Okawaru
 27535 | Swamp:2  | Reached skill level 16 in Maces & Flails
 28173 | Swamp:3  | Noticed a thorn hunter
 28190 | Swamp:3  | Killed a thorn hunter
 28190 | Swamp:3  | Reached XP level 16. HP: 79/104 MP: 22/22
 28430 | Swamp:3  | Noticed a tentacled monstrosity
 28459 | Swamp:3  | Killed a tentacled monstrosity
 28651 | Swamp:4  | Entered Level 4 of the Swamp
 29046 | Swamp:4  | HP: 5/105 [bog body/bolt of cold (19)]
 29046 | Swamp:4  | Mangled by a seven-headed hydra

Levels and vault maps discovered:
D:1:      tarquinn_simple_flora_water_c, layout_loops_ring, tso_altar
D:2:      layout_basic, overflow_temple_1_default, minmay_statues_item,
          grunt_ministairs_2, mrwooster_statue_mirror
D:3:      cheibrodos_greedy_goblins, layout_loops_corners, first_ration
D:4:      layout_loops_cross, temple_statues, gup_sewer_entry_glass
D:5:      layout_loops_ring, st_stairs_6, uniq_duvessa, uniq_sigmund,
          uniq_menkaure, uniq_edmund
D:6:      layout_loops_corners, chequers_ossuary_entry_cave, serial_shops, shop,
          uniq_pikel
D:7:      layout_cave_pods, serial_shops, nicolae_shop_window_shopping
D:8:      layout_loops_ring, hangedman_ranch [blue_anna_fruit_fields],
          nicolae_two_hexagons
D:9:      cheibrodos_statue_roulette, layout_basic, serial_shops, shop,
          minmay_holes, nicolae_zen_rock_garden
D:10:     layout_stronghold, grunt_lair_entry_orc_guard_hut,
          small_statue_intersection, tgw_sif
D:11:     layout_loops_ring, serial_glass, glass_columns_b, glass_columns_c,
          glass_columns_b, glass_columns_c, basic_altar,
          kennysheep_generic_room_16, uniq_maurice, uniq_fannar
D:12:     layout_long_grid, orc_david_3, gauntlet_entry_generic
D:13:     layout_basic, minmay_hollow_rounded_squares
D:14:     layout_loops_ring, erik_vaults_1, serial_shops, nicolae_shop_trees,
          special_room [special_room_orc], grunt_decor_arrowhead,
          lemuel_hellish_altar, uniq_nessos
D:15:     grunt_enter_depths_giant_problem, layout_loops_ring, minivault_25,
          portal_ice_cave_entry_pillars_1, uniq_rupert
Temple:   dpeg_three_leaves_temple
Lair:1:   layout_loops_ring, serial_bayou_pond_a
Lair:2:   layout_cave_pods, skrybe_swamp_entry_bodies, lemuel_fruit_fields,
          lemuel_fruit_tree
Lair:3:   layout_cave_shapes, chequers_serial_rivers_micro_a,
          lemuel_old_faithful, uniq_sonja, uniq_gastronok
Swamp:1:  layout_basic_swamp, evilmike_swamp_ruin_rubble_1, uniq_kirke,
          uniq_nikola
Swamp:2:  layout_falls_marsh, evilmike_swamp_ruin_house_1, swamp_pool1
Swamp:3:  cheibrodos_swamp_monstrosity, layout_basic_swamp,
          evilmike_swamp_ruin_house_2, infiniplex_staircase_pool
Swamp:4:  grunt_swamp_rune_castle, layout_basic_swamp
Orc:1:    layout_caves, uniq_josephine
Orc:2:    st_orc_rangers, layout_caves

Skill      XL: |  1  2  3  4  5  6  7  8  9 10 11 12 13 14 15 16 |
---------------+-------------------------------------------------+-----
Armour         | 1 2 3 4 5 6 7 8 9 10 11 12 13 | 13.3
Maces & Flails | 4 5 6 8 9 10 11 12 13 14 16 | 16.0
Fighting       | 4 5 6 7 8 9 10 11 12 13 | 13.7
Shields        | 1 4 7 9 10 12 13 14 | 14.6
Invocations    | 1 3 5 6 7 8 |  8.0
Dodging        | 3 |  3.6
Stealth        | |  2.4

Action                   |  1- 3 |  4- 6 |  7- 9 | 10-12 | 13-15 | 16-18 || total
-------------------------+-------+-------+-------+-------+-------+-------++-------
Melee: Mace              |    39 |       |       |       |       |       ||    39
       Whip              |   101 |   520 |   116 |       |       |       ||   737
       Flail             |       |       |   476 |   483 |  1362 |   108 ||  2429
       Punch             |       |       |     1 |       |       |       ||     1
       Morningstar       |       |       |       |   482 |       |       ||   482
Invok: Heroism           |       |     1 |     5 |     4 |    10 |     1 ||    21
       Finesse           |       |       |       |     1 |     3 |     1 ||     5
Evoke: Wand              |       |       |       |     8 |       |       ||     8
  Use: Potion            |       |     2 |       |     5 |     2 |     1 ||    10
       Scroll            |       |       |    12 |    17 |     9 |       ||    38
 Stab: Sleeping          |     5 |     8 |       |       |       |       ||    13
  Eat: Ration            |     1 |     3 |     5 |    10 |     9 |     2 ||    30
       Chunk             |       |       |       |     1 |     1 |       ||     2
Armor: Robe              |    11 |       |       |       |       |       ||    11
       Leather armour    |    56 |   152 |       |       |       |       ||   208
       Plate armour      |       |    53 |   428 |   532 |   689 |   136 ||  1838
Dodge: Dodged            |   114 |   282 |   109 |   191 |   330 |    60 ||  1086
Block: Shield            |       |       |   152 |   567 |   930 |   121 ||  1770

Table legend:
 A = Non-vault XP
 B = Vault XP
 C = Vault XP percentage of total XP
 D = Non-vault monster count
 E = Vault monster count
 F = Vault count percentage of total count
                 A         B        C        D         E       F
            +---------+---------+-------+---------+---------+-------
      Total |   94016 |   50199 |  34.8 |     527 |     198 |  27.3
            +---------+---------+-------+---------+---------+-------
        D:1 |      52 |       3 |   5.5 |      27 |       2 |   6.9
        D:2 |      40 |       0 |   0.0 |      15 |       0 |   0.0
        D:3 |     233 |      18 |   7.2 |      35 |       9 |  20.5
        D:4 |     290 |      28 |   8.8 |      12 |       3 |  20.0
        D:5 |     427 |     803 |  65.3 |      17 |       6 |  26.1
        D:6 |     870 |     685 |  44.1 |      25 |       1 |   3.8
        D:7 |     781 |       0 |   0.0 |      14 |       0 |   0.0
        D:8 |    1103 |    2220 |  66.8 |      15 |       8 |  34.8
        D:9 |    1828 |    2456 |  57.3 |      24 |       6 |  20.0
       D:10 |    2888 |     724 |  20.0 |      38 |       7 |  15.6
       D:11 |    2102 |    1620 |  43.5 |      13 |       6 |  31.6
       D:12 |    1800 |     552 |  23.5 |      14 |       8 |  36.4
       D:13 |   11833 |    4667 |  28.3 |      37 |      16 |  30.2
       D:14 |    5610 |    5048 |  47.4 |      19 |      25 |  56.8
       D:15 |   12197 |    4509 |  27.0 |      41 |       2 |   4.7
     Lair:1 |    4179 |       0 |   0.0 |      16 |       0 |   0.0
     Lair:2 |     766 |     520 |  40.4 |       4 |       2 |  33.3
     Lair:3 |    2777 |    2911 |  51.2 |       9 |       2 |  18.2
    Swamp:1 |    6095 |    5995 |  49.6 |      20 |       4 |  16.7
    Swamp:2 |   16132 |       0 |   0.0 |      45 |       0 |   0.0
    Swamp:3 |   11428 |    2949 |  20.5 |      26 |       1 |   3.7
    Swamp:4 |    4821 |    2290 |  32.2 |       8 |       4 |  33.3
      Orc:1 |     323 |     247 |  43.3 |      10 |       2 |  16.7
      Orc:2 |    5441 |    6902 |  55.9 |      43 |      40 |  48.2
      Sewer |       0 |      52 | 100.0 |       0 |      19 | 100.0
    Ossuary |       0 |     175 | 100.0 |       0 |      16 | 100.0
   Gauntlet |       0 |    4825 | 100.0 |       0 |       9 | 100.0
            +---------+---------+-------+---------+---------+-------
